 Dungeon Crawl Stone Soup version 0.21.1-1-g345015f (webtiles) character file.

148 pk666 the Magician (level 5, -1/28 HPs)
             Began as a Deep Elf Wizard on Feb 13, 2018.
             Slain by teukkam's ghost (6 damage)
             ... on level 3 of the Dungeon.
             The game lasted 00:05:41 (3211 turns).

pk666 the Magician (Deep Elf Wizard)                Turns: 3211, Time: 00:05:41

Health: -1/28      AC:  2    Str:  4    XL:     5   Next: 8%
Magic:  2/14       EV: 13    Int: 24    God:
Gold:   84         SH:  0    Dex: 13    Spells: 5/14 levels left

rFire    . . .     SeeInvis .   g - +1 dagger (venom)
rCold    . . .     Gourm    .   (no shield)
rNeg     . . .     Faith    .   a - +0 robe
rPois    .         Spirit   .   b - +0 hat
rElec    .         Reflect  .   (no cloak)
rCorr    .         Harm     .   (no gloves)
MR       .....                  (no boots)
Stlth    ++........             (no amulet)
HPRegen  0.09/turn              (no ring)
MPRegen  0.14/turn              (no ring)

@: no status effects
A: no striking features
a: no special abilities


You were on level 3 of the Dungeon.
You were hungry.

You visited 1 branch of the dungeon, and saw 3 of its levels.

You collected 84 gold pieces.

Inventory:

Hand Weapons
 g - a +1 dagger of venom (weapon)
Armour
 a - a +0 robe (worn)
 b - a +0 hat (worn)
Wands
 o - a wand of enslavement (3)
Scrolls
 f - 3 scrolls of teleportation {unknown}
 k - 2 scrolls of identify {unknown}
 l - a scroll of enchant armour {unknown}
 m - a scroll of blinking {unknown}
 n - a scroll of enchant weapon {unknown}
 p - a scroll of fear {unknown}
 q - a scroll of amnesia {unknown}
Potions
 e - 2 potions of lignification {unknown}
 h - 2 potions of might {unknown}
 i - a potion of invisibility {unknown}
 j - 2 potions of ambrosia {unknown}
Books
 c - a book of Minor Magic

   Spells                             Type                      Level
   a - Magic Dart                     Conjuration                  1
   b - Blink                          Translocation                2
   c - Call Imp                       Summoning                    2
   d - Slow                           Hexes                        2
   e - Conjure Flame                  Conjuration/Fire             3
   f - Mephitic Cloud                 Conjuration/Poison/Air       3
Comestibles
 d - 3 rations


   Skills:
 + Level 1.1 Short Blades
 + Level 3.2 Dodging
 - Level 2.4 Stealth
 + Level 5.3 Spellcasting
 + Level 2.3 Conjurations
   Level 1.1 Summonings
 - Level 1.1 Translocations
 * Level 1.5 Fire Magic
 * Level 1.4 Air Magic
 * Level 1.6 Poison Magic


You had 5 spell levels left.
You knew the following spells:

 Your Spells              Type           Power        Failure   Level  Hunger
a - Magic Dart            Conj           ###.         3%          1    None
b - Blink                 Tloc           N/A          9%          2    None
d - Conjure Flame         Conj/Fire      ###.....     12%         3    ##.....
z - Mephitic Cloud        Conj/Pois/Air  ###.....     12%         3    ##.....


Dungeon Overview and Level Annotations

Branches:
Dungeon (3/15)

Altars:
Wu Jian
Yredelemnul

Annotations:
D:3 teukkam's ghost, weakling GnWn


Message History

The magic dart hits teukkam's ghost.
Teukkam's ghost is heavily damaged.
Teukkam's ghost points at you and mumbles some strange words.
You struggle to resist.
Casting: Magic Dart
Confirm with . or Enter, or press ? or * to list all spells.
Aiming: Magic Dart
Press: ? - help, Shift-Dir - straight line, f/p - teukkam's ghost
Aim: teukkam's ghost (heavily damaged)
The magic dart hits teukkam's ghost.
Teukkam's ghost is heavily damaged.
Casting: Magic Dart
Confirm with . or Enter, or press ? or * to list all spells.
Aiming: Magic Dart
Press: ? - help, Shift-Dir - straight line, f/p - teukkam's ghost
Aim: teukkam's ghost (heavily damaged)
The magic dart hits teukkam's ghost.
Teukkam's ghost is severely damaged.
Teukkam's ghost hits you.
You die...

.....## #.# #.#...#.....##
....## #.# #.#..).......#
....### #.###.#..#..(<..)#
......#######.#.....##.......#
....#....(........####......##
..#.##.)..........####.......#
#########...[........#...(...#
# #....................#
#.#.......@W.)........##
................(.#...##
#.#.#..............#.###
#.#.......[......#.# #
#.........>....#.#
................#.#
#...............##
#.#......#....>##
#.###..########


You could see teukkam's ghost.

Vanquished Creatures
  A centaur skeleton (D:2)
  An orc priest (D:3)
  2 adders
  3 dart slugs (D:1)
  A leopard gecko (D:2)
  9 orcs
  3 giant cockroaches
  6 hobgoblins
  4 quokkas
  6 bats
  5 frilled lizards
  6 goblins
  4 kobolds
  2 rats
53 creatures vanquished.

Notes
Turn   | Place    | Note
-------+----------+-------------------------------------------
     0 | D:1      | pk666 the Deep Elf Wizard began the quest for the Orb.
     0 | D:1      | Reached XP level 1. HP: 10/10 MP: 7/7
   177 | D:1      | Reached XP level 2. HP: 15/15 MP: 1/9
  1108 | D:2      | Reached XP level 3. HP: 13/19 MP: 4/11
  1112 | D:2      | Learned a level 2 spell: Blink
  1116 | D:2      | Learned a level 3 spell: Mephitic Cloud
  1120 | D:2      | Learned a level 3 spell: Conjure Flame
  1130 | D:2      | Found an ornate altar of the Wu Jian Council.
  1220 | D:2      | Reached skill level 5 in Spellcasting
  1254 | D:2      | Reached skill level 1 in Poison Magic
  1405 | D:2      | Reached XP level 4. HP: 24/24 MP: 7/13
  1617 | D:2      | Reached skill level 1 in Air Magic
  1618 | D:2      | Reached skill level 1 in Short Blades
  1805 | D:2      | Found a basalt altar of Yredelemnul.
  2075 | D:3      | Reached skill level 1 in Fire Magic
  2694 | D:3      | Reached XP level 5. HP: 13/28 MP: 8/14
  2887 | D:3      | Noticed teukkam's ghost (weakling GnWn)
  3211 | D:3      | Slain by teukkam's ghost

Skill      XL: |  1  2  3  4 |
---------------+-------------+-----
Dodging        | 3 |  3.2
Conjurations   | 2 |  2.3
Spellcasting   | 5 |  5.3
Poison Magic   | 1 |  1.6
Air Magic      | 1 |  1.4
Short Blades   | 1 |  1.1
Fire Magic     | 1 |  1.5
Stealth        | |  2.4
Summonings     | |  1.1
Translocations | |  1.1

Action                   |  1- 3 |  4- 6 || total
-------------------------+-------+-------++-------
Melee: Dagger            |     3 |    12 ||    15
 Cast: Magic Dart        |    81 |    69 ||   150
       Mephitic Cloud    |       |     2 ||     2
       Blink             |       |     1 ||     1
 Stab: Confused          |       |     1 ||     1
  Eat: Chunk             |     1 |     5 ||     6
Armor: Robe              |     5 |       ||     5
Dodge: Dodged            |    14 |     9 ||    23
